 Dungeon Sprint DCSS version 0.30-a0-672-gc3a7216ad8 (webtiles) character file.

Game seed: 1147253258750274052

272 rocky1 the Magician (level 6, -4/49 HPs)
             Began as a Gnoll Earth Elementalist on Jan 19, 2023.
             Was a High Priest of Cheibriados.
             Slain by a gnoll sergeant
             ... wielding a +0 spear
              (13 damage)
             ... in the Dungeon (Sprint VII: "The Pits").
             The game lasted 00:01:35 (290 turns).

rocky1 the Magician (Gnoll Earth Elementalist)       Turns: 290, Time: 00:01:36

Health: -4/49      AC:  2    Str: 18    XL:     6   Next: 23%
Magic:  4/15       EV: 17    Int: 27    God:    Cheibriados [*****.]
Gold:   0          SH:  0    Dex: 24    Spells: 10/18 levels left

rFire   . . .      SeeInvis .    k - +2 falchion
rCold   . . .      Faith    .    (no shield)
rNeg    . . .      Spirit   .    a - +0 robe
rPois   .          Reflect  .    (no helmet)
rElec   .          Harm     .    (no cloak)
rCorr   .          Rampage  .    (no gloves)
Will    .....      NoTele   +    (no boots)
Stlth   ++++                     (no amulet)
HPRegen 0.28/turn                (no ring)
MPRegen 0.14/turn                (no ring)

@: on berserk cooldown, slowed, very slow
A: fangs 1, strong nose, distributed training
a: Renounce Religion, Bend Time, Temporal Distortion, Slouch, Step From Time


You were in the Dungeon.
You worshipped Cheibriados.
Cheibriados was extremely pleased with you.
You visited 1 branch

Inventory:

Hand Weapons
 k - a +2 falchion (weapon)
 l - a +2 hand axe of freezing
 m - a +2 long sword of flaming
Armour
 a - a +0 robe (worn)
Scrolls
 g - a scroll of blinking
 i - 5 scrolls of amnesia
Potions
 b - 5 potions of magic
 c - 6 potions of curing
 d - 6 potions of heal wounds
 e - a potion of haste
 f - 2 potions of berserk rage
 h - 2 potions of invisibility


   Skills:
 + Level 4.4 Fighting
 + Level 4.4 Short Blades
 + Level 4.4 Long Blades
 + Level 4.4 Axes
 + Level 4.4 Maces & Flails
 + Level 4.4 Polearms
 + Level 4.4 Staves
 + Level 4.4 Ranged Weapons
 + Level 4.4 Throwing
 + Level 4.4 Armour
 + Level 6.5 Dodging
 + Level 6.2 Stealth
 + Level 4.4 Shields
 + Level 4.4 Unarmed Combat
 + Level 6.8 Spellcasting
 + Level 3.7 Conjurations
 + Level 3.7 Hexes
 + Level 3.7 Summonings
 + Level 3.7 Necromancy
 + Level 3.7 Translocations
 + Level 4.3 Transmutations
 + Level 3.7 Fire Magic
 + Level 3.7 Ice Magic
 + Level 3.7 Air Magic
 + Level 6.6 Earth Magic
 + Level 3.7 Poison Magic
 + Level 4.9 Invocations
 + Level 4.4 Evocations


You had 10 spell levels left.
You knew the following spells:

 Your Spells              Type           Power      Damage    Failure   Level
a - Sandblast             Erth           90%        2d19      1%          1
b - Stone Arrow           Conj/Erth      74%        3d11      2%          3
c - Petrify               Tmut/Erth      38%        N/A       6%          4

Your spell library contained the following spells:

 Spells                   Type           Power      Damage    Failure   Level
 Passwall                 Tmut/Erth      31%        N/A       1%          2


Dungeon Overview and Level Annotations

Branches:
Dungeon (1/1)

Altars:
Ashenzari
Cheibriados
Dithmenos
Elyvilon
Fedhas
Gozag
Hepliaklqana
Kikubaaqudgha
Makhleb
Nemelex Xobeh
Okawaru
Qazlal
Ru
Sif Muna
Trog
Uskayaw
Vehumet
Wu Jian
Xom
Yredelemnul
Zin
The Shining One
Jiyva
Lugonu


Innate Abilities, Weirdness & Mutations

You have very sharp teeth.
Your uncanny sense of smell can sniff out nearby items.
Your experience applies equally to all skills.


Message History

Your Dodging skill increases to level 6!
Your Stealth skill increases to level 6!
Your Shields skill increases to level 4!
Your Unarmed Combat skill increases to level 4!
Your Transmutations skill increases to level 4!
Your Evocations skill increases to level 4!
You have reached level 6!
You barely miss the hobgoblin. Your bite misses the hobgoblin.
The gnoll sergeant hits you from afar with a +0 spear!
The hobgoblin hits you but does no damage.
You slice the hobgoblin!!
You kill the hobgoblin!
Cheibriados appreciates the change of pace.
You can now step out of the flow of time.
Cheibriados raises the support of your attributes as your movement slows.
The gnoll sergeant hits you from afar with a +0 spear!
A gnoll comes into view. It is wielding a +0 club.
The gnoll shouts!
You hear a shout! x2
The ogre closely misses you. The gnoll sergeant closely misses you.
The gnoll sergeant barely misses you. The ogre misses you.
There is an open door, spattered with blood here.
Items here: )) [ ††.
The ogre attacks as you move away! The ogre barely misses you.
You feel a strong urge to attack something.
You are no longer berserk.
You are exhausted.
You feel yourself slow down.
The gnoll sergeant hits you from afar with a +0 spear!
* * * LOW HITPOINT WARNING * * *
The gnoll sergeant barely misses you.
Unknown command.
You don't have enough magic at the moment.
Unknown command.
As you read the scroll of butterflies, it crumbles to dust.
You hear the flapping of tiny wings.
The ogre is knocked back by the sudden gust.
The gnoll sergeant is knocked back by the sudden gust.
The ogre closely misses your butterfly.
The gnoll sergeant hits you from afar with a +0 spear!
You die...

#'#####'#####.....
#.#)..#†#[[##.....
#.#...#.#))#####'#
#b#...'.#.)##.....
#b##)####.)##.....
#b#..)..#..##.....
#b#.....#'###...<.
#b#........##.....
#@#........##.....
#b###########.....
#Og.....# ######
#gb#.#..# #b## #
∆∆ #b. ∆ #.# ∆ #..
#..


You could see an ogre (ally target), a gnoll sergeant (ally target) and a gnoll
(ally target).

Vanquished Creatures
  A warg (D)
  A floating eye (D)
  4 gnolls (D)
  An ufetubus (D)
  2 orcs (D)
  A bat (D)
  A giant cockroach (D)
  A hobgoblin (D)
  A ball python skeleton (D)
  A rat (D)
14 creatures vanquished.

Notes
Turn   | Place    | Note
-------+----------+-------------------------------------------
     0 | D        | rocky1 the Gnoll Earth Elementalist began the quest for the
                  | Orb.
     0 | D        | Reached XP level 1. HP: 13/13 MP: 6/6
    18 | D        | Found a bloodstained altar of Trog.
    18 | D        | Found a shimmering blue altar of Sif Muna.
    18 | D        | Found a viscous altar of Jiyva.
    18 | D        | Found a hazy altar of Hepliaklqana.
    18 | D        | Found an opulent altar of Gozag.
    19 | D        | Found a glowing golden altar of the Shining One.
    19 | D        | Found a glowing silver altar of Zin.
    19 | D        | Found a basalt altar of Yredelemnul.
    19 | D        | Found a shimmering altar of Xom.
    19 | D        | Found an ornate altar of the Wu Jian Council.
    19 | D        | Found a sacrificial altar of Ru.
    19 | D        | Found a stormy altar of Qazlal.
    19 | D        | Found an iron altar of Okawaru.
    19 | D        | Found a sparkling altar of Nemelex Xobeh.
    19 | D        | Found a burning altar of Makhleb.
    19 | D        | Found a blossoming altar of Fedhas.
    19 | D        | Found a white marble altar of Elyvilon.
    19 | D        | Found a shadowy altar of Dithmenos.
    19 | D        | Found a snail-covered altar of Cheibriados.
    22 | D        | Found a corrupted altar of Lugonu.
    22 | D        | Found a radiant altar of Vehumet.
    23 | D        | Found an ancient bone altar of Kikubaaqudgha.
    23 | D        | Found a hide-covered altar of Uskayaw.
    23 | D        | Found a broken altar of Ashenzari.
    30 | D        | Became a worshipper of Cheibriados the Contemplative
    74 | D        | Noticed a floating eye
    77 | D        | Killed a floating eye
    77 | D        | Reached * piety under Cheibriados
    78 | D        | Reached skill level 5 in Dodging
    78 | D        | Reached skill level 5 in Stealth
    78 | D        | Reached skill level 5 in Spellcasting
    78 | D        | Reached XP level 2. HP: 24/24 MP: 3/8
    78 | D        | Reached XP level 3. HP: 29/29 MP: 3/10
    78 | D        | Reached XP level 4. HP: 35/35 MP: 3/11
   165 | D        | Reached ** piety under Cheibriados
   166 | D        | Reached XP level 5. HP: 41/41 MP: 8/13
   167 | D        | Reached *** piety under Cheibriados
   173 | D        | Learned a level 3 spell: Stone Arrow
   179 | D        | Learned a level 4 spell: Petrify
   275 | D        | Noticed a warg
   279 | D        | Reached **** piety under Cheibriados
   284 | D        | Noticed an ogre
   285 | D        | Killed a warg
   286 | D        | Reached XP level 6. HP: 48/49 MP: 2/15
   287 | D        | Reached ***** piety under Cheibriados
   290 | D        | Slain by a gnoll sergeant

Illustrated notes

Levels and vault maps discovered:
D:        pitsprint [storerooms_1, entrance_room_1, metal_vault_2, armoury_2,
          mini_pit_1, grid_room_1, main_hall_1, silver_pit, the_coven_1,
          the_vestibule_1, steel_vault_1, golden_pit, hallway_of_sentries,
          crystal_vault_5, iron_vault_1, final_vault]

Skill      XL: |  1  2  3  4  5 |
---------------+----------------+-----
Transmutations | 3 4 |  4.3
Fighting       | 3 4 |  4.4
Short Blades   | 3 4 |  4.4
Long Blades    | 3 4 |  4.4
Axes           | 3 4 |  4.4
Maces & Flails | 3 4 |  4.4
Polearms       | 3 4 |  4.4
Staves         | 3 4 |  4.4
Ranged Weapons | 3 4 |  4.4
Throwing       | 3 4 |  4.4
Armour         | 3 4 |  4.4
Dodging        | 5 6 |  6.5
Stealth        | 5 6 |  6.2
Shields        | 3 4 |  4.4
Unarmed Combat | 3 4 |  4.4
Spellcasting   | 5 6 |  6.8
Conjurations   | 2 3 |  3.7
Hexes          | 2 3 |  3.7
Summonings     | 2 3 |  3.7
Necromancy     | 2 3 |  3.7
Translocations | 2 3 |  3.7
Fire Magic     | 2 3 |  3.7
Ice Magic      | 2 3 |  3.7
Air Magic      | 2 3 |  3.7
Earth Magic    | 6 |  6.6
Poison Magic   | 2 3 |  3.7
Invocations    | 3 4 |  4.9
Evocations     | 3 4 |  4.4

Action                   |  1- 3 |  4- 6 || total
-------------------------+-------+-------++-------
Melee: Falchion          |       |    10 ||    10
       Bite              |       |     1 ||     1
 Cast: Sandblast         |     4 |     9 ||    13
       Stone Arrow       |       |     4 ||     4
  Use: Potion            |       |     1 ||     1
       Scroll            |       |     1 ||     1
Armor: Robe              |       |     2 ||     2
Dodge: Dodged            |       |    25 ||    25

Table legend: (Time is in decaauts)
 A = Elapsed time spent in this place.
 B = Non-inter-level travel time spent in this place.
 C = Inter-level travel time spent in this place.
 D = Time resting spent in this place.
 E = Time spent auto-exploring this place.
 F = Levels seen in this place.
 G = Mean time per level.
                   A        B        C        D        E       F      G
               +--------+--------+--------+--------+--------+-----+--------+
         Total |    339 |    309 |     30 |    112 |      0 |   1 |  339.0 |
       Dungeon |    339 |    309 |     30 |    112 |      0 |   1 |  339.0 |
               +--------+--------+--------+--------+--------+-----+--------+

Top non-repeatable levels by time:
       D: 339 daAuts
